 Dungeon Crawl Stone Soup version 0.16.0-17-g811c1d7 (console) character file.

512 gw the Chopper (level 7, 0/61 HPs)
             Began as a Hill Orc Gladiator on Mar 21, 2015.
             Killed from afar by Blork the orc (4 damage)
             ... with a magic dart
             ... on level 5 of the Dungeon.
             The game lasted 00:07:04 (5836 turns).

gw the Chopper (Hill Orc Gladiator)                 Turns: 5836, Time: 00:07:04

Health: 0/61       AC: 10    Str: 17 (18) XL:     7   Next: 19%
Magic:  7/7        EV:  8    Int:  8      God:
Gold:   264        SH:  0    Dex: 15      Spells: 0 memorised, 6 levels left

rFire  + + .     SeeInvis .     a - +0 war axe
rCold  . . .     Clarity  .     q - +0 chain mail
rNeg   . . .     SustAb   .     (no shield)
rPois  +         Gourm    .     c - +0 helmet
rElec  .         Spirit   .     (no cloak)
rCorr  .         Warding  .     (no gloves)
rMut   .         Rnd*Tele +     (no boots)
MR     .....                    n - amulet of inaccuracy (curse)
Stlth  ..........               r - ring of teleportation (curse)
                                p - ring of poison resistance

@: not resistant to hostile enchantments, extremely unstealthy
A: agile 1, fire resistance 2
a: Evoke Teleportation


You were on level 5 of the Dungeon.
You were not hungry.

You visited 1 branch of the dungeon, and saw 5 of its levels.

You collected 264 gold pieces.

Inventory:

Hand weapons
 a - a +0 war axe (weapon)
Missiles
 d - 3 throwing nets
 j - 44 stones (quivered)
 t - 34 poisoned needles
Armour
 c - a +0 helmet (worn)
 q - a +0 chain mail (worn)
Jewellery
 n - a cursed amulet of inaccuracy (around neck)
 p - a ring of poison resistance (left hand)
 r - a cursed ring of teleportation (right hand)
Scrolls
 i - 4 scrolls of remove curse
 m - 4 scrolls of identify
Potions
 b - a potion of lignification
 e - a potion of brilliance
 h - a potion of ambrosia {unknown}
 k - a potion of curing
 o - a potion of might
Comestibles
 f - 4 meat rations
 g - a bread ration
 l - a slice of pizza


   Skills:
 + Level 5.0 Fighting
 * Level 7.5 Axes
 + Level 3.5 Throwing
 + Level 2.6 Armour
 - Level 2.4 Dodging


You had 6 spell levels left.
You didn't know any spells.

Dungeon Overview and Level Annotations

Branches:
Dungeon (5/15)
 Temple: D:4-7

Altars:
Gozag
Sif Muna
Xom

Annotations:
D:5 Blork the orc


Innate Abilities, Weirdness & Mutations

You are agile. (Dex +2)
Your flesh is very heat resistant.


Message History

Unknown command.
Unknown command.
Unknown command.
Unknown command.
ATTACKING (0,-1)
You miss something.
You hear some strange, mumbled words.
A puff of flame appears from out of thin air!
The puff of flame hits you! You resist.
Unknown command.
Unknown command.
Unknown command.
Unknown command.
ATTACKING (0,-1)
You miss something.
You hear some strange, mumbled words.
You feel a wave of unholy energy pass over you.
You hear some strange, mumbled words.
The magic dart hits you!
You die...

.#
#.#..##.###..........##
.# #....##.#
##..)........
.###.#..##.#
#..##.....##
.....#..##.# #..#
##.###
##.###..##.####..# #
#.###...........#
#.............#.#
#####...#####.#.#
#####..........{o#
...............###
#####.#.#####..#
......#.# #..#
#######.# #..# .# #..#
.# #..######.## ## .
#........... .#
........>.<....##


There were no monsters in sight!

Table legend:
 A = Turns spent in this place as a percentage of turns spent in the entire game.
 B = Non-inter-level travel turns spent in this place as a percentage of non-inter-level travel turns spent in the entire game.
 C = Inter-level travel turns spent in this place as a percentage of turns spent in this place.
 D = Turns resting spent in this place as a percentage of non-inter-level travel turns spent in this place.
 E = Turns spent auto-exploring this place as a percentage of non-inter-level travel turns spent in this place.
 F = Non-inter-level travel turns spent in this place divided by the number of levels of this place that you've seen.
                   A       B       C       D       E      F
               +-------+-------+-------+-------+-------+----------------------
         Total | 100.0 | 100.0 |   0.4 |   0.8 |   2.3 | 1821.2
       Dungeon | 100.0 | 100.0 |   0.4 |   0.8 |   2.3 | 1821.2
               +-------+-------+-------+-------+-------+----------------------

Table legend:
 A = Kills in this place as a percentage of kills in entire the game.
 B = Kills by you in this place as a percentage of kills by you in the entire game.
 C = Kills by friends in this place as a percentage of kills by friends in the entire game.
 D = Other kills in this place as a percentage of other kills in the entire game.
 E = Experience gained in this place as a percentage of experience gained in the entire game.
 F = Experience gained in this place divided by the number of levels of this place that you have seen.
                   A       B       C       D       E      F
               +-------+-------+-------+-------+-------+----------------------
         Total | 100.0 | 100.0 |  -nan |  -nan | 100.0 | 146.4
       Dungeon | 100.0 | 100.0 |  -nan |  -nan | 100.0 | 146.4
               +-------+-------+-------+-------+-------+----------------------

Vanquished Creatures
  A giant frog zombie (D:5)
  A goliath beetle (D:4)
  A crimson imp (D:5)
  A hound (D:4)
  A centaur skeleton (D:4)
  2 iguanas
  2 worker ants
  Robin (D:2)
  5 adders
  4 river rats (D:4)
  4 gnolls (D:4)
  3 worms (D:2)
  An adder skeleton (D:4)
  3 giant geckos
  An ooze (D:4)
  10 orcs
  13 hobgoblins
  7 jackals
  A quokka (D:4)
  2 ball pythons
  10 bats
  3 giant cockroaches
  5 giant newts
  21 goblins
  11 kobolds
  8 rats
  A plant (D:4)
123 creatures vanquished.

Vanquished Creatures (others)
  2 plants (D:4)
2 creatures vanquished.

Grand Total: 125 creatures vanquished

Notes
Turn   | Place    | Note
--------------------------------------------------------------
     0 | D:1      | gw, the Hill Orc Gladiator, began the quest for the Orb.
     0 | D:1      | Reached XP level 1. HP: 18/18 MP: 1/1
   232 | D:1      | Reached XP level 2. HP: 19/25 MP: 2/2
   883 | D:1      | Gained mutation: Your flesh is heat resistant. [potion of mutation]
   883 | D:1      | Gained mutation: Your flesh is very heat resistant. [potion of mutation]
   883 | D:1      | Gained mutation: You are agile. (Dex +2) [potion of mutation]
   972 | D:2      | Reached XP level 3. HP: 29/31 MP: 3/3
  1500 | D:2      | Reached skill level 5 in Axes
  1558 | D:2      | Reached XP level 4. HP: 30/38 MP: 4/4
  1847 | D:2      | Noticed Robin
  1858 | D:2      | Killed Robin
  2261 | D:2      | Reached skill level 1 in Armour
  2698 | D:3      | Reached XP level 5. HP: 43/46 MP: 5/5
  2895 | D:3      | Reached skill level 6 in Axes
  3649 | D:4      | Found a shimmering altar of Xom.
  3833 | D:4      | HP: 2/46 [goliath beetle (17)]
  4214 | D:4      | Reached XP level 6. HP: 47/52 MP: 6/6
  4585 | D:4      | Found an opulent altar of Gozag.
  4962 | D:4      | Reached skill level 7 in Axes
  5005 | D:4      | Found a deep blue altar of Sif Muna.
  5541 | D:5      | Entered Level 5 of the Dungeon
  5548 | D:5      | Reached skill level 5 in Fighting
  5548 | D:5      | Reached XP level 7. HP: 56/61 MP: 7/7
  5811 | D:5      | Noticed Blork the orc
  5836 | D:5      | Killed from afar by Blork the orc

Action                   |  1- 3 |  4- 6 |  7- 9 || total
-------------------------+-------+-------+-------++-------
Melee: War axe           |    71 |   210 |    45 ||   326
Throw: Stone             |   103 |   218 |    22 ||   343
  Use: Potion            |     7 |     4 |       ||    11
       Scroll            |     3 |     4 |       ||     7
  Eat: Chunk             |     2 |    13 |     1 ||    16

Vault maps used:
D:1:      dpeg_arrival_three_smaller_balls, hangedman_decor_opposing,
          st_stairs_10
D:2:      wad_lake_hut, serial_bayou_pond_d, uniq_robin
D:3:      minmay_misc_feat_columns
D:4:      wad_woods_stonehenge, lemuel_crystal_altar, kennysheep_mini_moat
D:5:      bloody_makhleb, yredelemnul_forgotten_temple_becter, first_bread,
          uniq_blork_the_orc
